 Dungeon Crawl Stone Soup version 0.29-a0-757-g358383bc75 (webtiles) character file.

Game seed: 5497892630076875302

849 zishaf the Shooter (level 7, -2/58 (60) HPs)
             Began as a Demigod Hunter on June 30, 2022.
             Slain by an iguana (12 damage)
             ... on level 5 of the Dungeon.
             The game lasted 00:06:14 (4485 turns).

zishaf the Shooter (Demigod Hunter)                 Turns: 4485, Time: 00:06:15

HP:   -2/58 (60)    AC:  3    Str: 12    XL:     7   Next: 41%
MP:   9/9           EV: 13    Int: 11    God:
Gold: 209           SH:  0    Dex: 31    Spells: 4/6 levels left

rFire   + . .      SeeInvis .   a - +0 shortbow
rCold   . . .      Faith    .   (shield currently unavailable)
rNeg    . . .      Spirit   .   d - +1 robe {rF+}
rPois   .          Reflect  .   (no helmet)
rElec   .          Harm     .   (no cloak)
rCorr   .          Rampage  .   (no gloves)
Will    +....                   (no boots)
Stlth   +++.......              (no amulet)
HPRegen 0.19/turn               o - ring of willpower
MPRegen 0.11/turn               u - +6 ring of dexterity

@: lightly drained
A: high MP 1, forlorn, divine attributes
a: no special abilities


You were on level 5 of the Dungeon.
You visited 1 branch of the dungeon, and saw 5 of its levels.

You collected 209 gold pieces.

Inventory:

Hand Weapons
 a - a +0 shortbow (weapon)
Armour
 c - a +0 leather armour
 d - a +1 robe of fire resistance (worn)
Jewellery
 o - a ring of willpower (left hand)
 u - a +6 ring of dexterity (right hand)
Wands
 w - a wand of charming (9)
Scrolls
 b - 2 scrolls of immolation
 e - a scroll of teleportation {unknown}
 g - 6 scrolls of identify {unknown}
 j - a scroll of blinking {unknown}
 k - a scroll of silence {unknown}
 n - a scroll of enchant weapon {unknown}
 p - a scroll of fog {unknown}
Potions
 f - 7 potions of curing
 h - 2 potions of might {unknown}
 i - 2 potions of lignification {unknown}
 l - 3 potions of mutation {unknown}
 m - 3 potions of heal wounds {unknown}
 q - a potion of flight {unknown}
 r - a potion of attraction {unknown}
 s - a potion of resistance {unknown}
 t - 2 potions of degeneration {unknown}
 v - a potion of haste {unknown}
 x - 2 potions of cancellation {unknown}


   Skills:
 + Level 4.8 Fighting
 * Level 7.5 Ranged Weapons
 - Level 1.7 Dodging
 - Level 0.8 Stealth
 + Level 0.4 Evocations


You had 4 spell levels left.
You knew the following spells:

 Your Spells              Type           Power      Damage    Failure   Level
a - Wereblood             Tmut           0%         N/A       47%         2

Your spell library contained the following spells:

 Spells                   Type           Power      Damage    Failure   Level
 Beastly Appendage        Tmut           0%         N/A       34%         1
 Spider Form              Tmut/Pois      0%         N/A       71%         3
 Animate Dead             Necr           0%         N/A       98%         4
 Borgnjor's Vile Clutch   Necr/Erth      0%         N/A       100%        5
 Death Channel            Necr           0%         N/A       100%        6


Dungeon Overview and Level Annotations

Branches:
Dungeon (5/15)             Temple (0/1) D:4

Annotations:
D:4 dig gold


Innate Abilities, Weirdness & Mutations

You have an increased reservoir of magic. (+10% MP)
You shall have no god before yourself.
Your divine heritage dramatically boosts your attributes as you level up.


Message History

You are too injured to fight recklessly!
You are too injured to fight recklessly!
Fire: a) +0 shortbow
Press: ? - help, Q - select action, (/) - cycle Shift-Dir - straight line, f - adder
Aim: an adder (almost dead)
You shoot an arrow. The arrow hits the adder!
You kill the adder!
The gnoll hits you from afar with a +0 spear.
The iguana attacks as you move away! The iguana bites you.
The iguana attacks as you move away! The iguana bites you.
* * * LOW HITPOINT WARNING * * *
The iguana attacks as you move away! The iguana bites you!
* * * LOW HITPOINT WARNING * * *
Fire: a) +0 shortbow
Press: ? - help, Q - select action, (/) - cycle Shift-Dir - straight line, f - iguana
Aim: an iguana You shoot an arrow.
The arrow hits the iguana!
The iguana is almost dead.
The iguana misses you.
Fire: a) +0 shortbow
Press: ? - help, Q - select action, (/) - cycle Shift-Dir - straight line, f/p - iguana
Aim: an iguana (almost dead)
You shoot an arrow. The arrow completely misses the iguana.
The iguana misses you. The gnoll barely misses you.
The iguana hisses menacingly.
The iguana closely misses you. The gnoll barely misses you.
Fire: a) +0 shortbow
Press: ? - help, Q - select action, (/) - cycle Shift-Dir - straight line, f/p - iguana
Aim: an iguana (almost dead)
You shoot an arrow. The arrow barely misses the iguana.
The iguana barely misses you. The gnoll misses you.
Unknown command.
Fire: a) +0 shortbow
Press: ? - help, Q - select action, (/) - cycle Shift-Dir - straight line, f/p - iguana
Aim: an iguana (severely wounded)
You shoot an arrow.
The arrow hits the iguana but does no damage.
The iguana is severely wounded.
The iguana bites you!
You die...

##.####............###.#.####.#.#
##.#..+............)........#.#.#
#..................###.#.##.#.#.#
#..#........##+#.....#.#+##.#.#..
.#.#...........#...#.#......#.###
.#...#.........#...#.#....###.#
..#..#.........#.....#....# #.#
#.#............#..####....# #.###
...#..#.......gl@.........###....
.#.#....##....g########..........
.............g## #..........
.....##...##..# ##.........
.......##.....# #....<....
.....#...##.g.# #.........
...(..^#...##.# #.........
............†####### #.........
...........#.......### ##########


You could see an iguana and 3 gnolls.

Vanquished Creatures
  Duvessa (D:5)
  An ice beast (D:4)
  2 ogres (D:5)
  A necrophage (D:4)
  A scorpion (D:5)
  Dowan (D:5)
  A hound (D:5)
  An orc priest (D:4)
  An orc wizard (D:4)
  Natasha (twice) (D:3)
  2 iguanas
  5 adders
  A white imp (D:5)
  An ufetubus (D:5)
  2 worms
  2 dart slugs (D:1)
  5 orcs
  6 ball pythons
  8 endoplasms
  3 giant cockroaches
  5 goblins
  4 hobgoblins
  2 jackals (D:2)
  2 quokkas
  3 bats (D:2)
  3 frilled lizards (D:1)
  2 kobolds
  6 rats
74 creatures vanquished.

Notes
Turn   | Place    | Note
-------+----------+-------------------------------------------
     0 | D:1      | zishaf the Demigod Hunter began the quest for the Orb.
     0 | D:1      | Reached XP level 1. HP: 17/17 MP: 3/3
   312 | D:1      | Reached XP level 2. HP: 24/24 MP: 4/4
   464 | D:1      | Reached skill level 4 in Ranged Weapons
  1088 | D:3      | Reached XP level 3. HP: 30/30 MP: 5/5
  1557 | D:3      | Noticed Natasha
  1568 | D:3      | Killed Natasha
  1708 | D:3      | Noticed Natasha
  1715 | D:3      | Killed Natasha
  1716 | D:3      | Reached XP level 4. HP: 30/37 MP: 6/6
  1887 | D:4      | Reached skill level 5 in Ranged Weapons
  2372 | D:4      | Noticed a necrophage
  2379 | D:4      | Killed a necrophage
  2380 | D:4      | Reached XP level 5. HP: 23/44 MP: 7/7
  3000 | D:4      | Noticed an ice beast
  3026 | D:4      | Killed an ice beast
  3027 | D:4      | Reached skill level 6 in Ranged Weapons
  3027 | D:4      | Reached XP level 6. HP: 52/52 MP: 8/8
  3120 | D:4      | Found a staircase to the Ecumenical Temple.
  3504 | D:4      | Found a staircase to the Ecumenical Temple.
  3703 | D:5      | Entered Level 5 of the Dungeon
  3861 | D:5      | Noticed Dowan
  3862 | D:5      | Reached XP level 7. HP: 60/60 MP: 9/9
  3863 | D:5      | Noticed Duvessa
  3889 | D:5      | Killed Duvessa
  3890 | D:5      | Reached skill level 7 in Ranged Weapons
  3903 | D:5      | Killed Dowan
  4446 | D:5      | Learned a level 2 spell: Wereblood
  4485 | D:5      | Slain by an iguana

Illustrated notes

Levels and vault maps discovered:
D:1:      dpeg_arrival_boxes_within_box, layout_basic,
          ebering_ecumenical_altar_petrified
D:2:      layout_rooms, wad_floor_pattern_1
D:3:      layout_basic, okawaru_ov_weapons_minmay, uniq_natasha
D:4:      layout_rooms, nicolae_tso_swordbearing_angel, zin_treasury,
          minmay_temple_entry_fiery
D:5:      layout_basic, hangedman_decor_peaks_small, minmay_between,
          uniq_duvessa

Skill      XL: |  1  2  3  4  5  6  7 |
---------------+----------------------+-----
Fighting       | 2 3 4 |  4.8
Ranged Weapons | 4 5 6 7 |  7.5
Dodging        | |  1.7
Stealth        | |  0.8
Evocations     | |  0.4

Action                   |  1- 3 |  4- 6 |  7- 9 || total
-------------------------+-------+-------+-------++-------
 Fire: Shortbow          |   104 |   108 |    46 ||   258
Armor: Robe              |     7 |     4 |     4 ||    15
Dodge: Dodged            |    13 |    26 |    37 ||    76

Table legend: (Time is in decaauts)
 A = Elapsed time spent in this place.
 B = Non-inter-level travel time spent in this place.
 C = Inter-level travel time spent in this place.
 D = Time resting spent in this place.
 E = Time spent auto-exploring this place.
 F = Levels seen in this place.
 G = Mean time per level.
                   A        B        C        D        E       F      G
               +--------+--------+--------+--------+--------+-----+--------+
         Total |   4544 |   4466 |     78 |    245 |   3650 |   5 |  908.8 |
       Dungeon |   4544 |   4466 |     78 |    245 |   3650 |   5 |  908.8 |
               +--------+--------+--------+--------+--------+-----+--------+

Top non-repeatable levels by time:
     D:4: 1857 daAuts
     D:3: 841 daAuts
     D:5: 791 daAuts
     D:1: 704 daAuts
     D:2: 349 daAuts
